 Dungeon Crawl Stone Soup version 0.29-a0-97-g88c9fad16d (webtiles) character file.

Game seed: 16997037932687627035

2856 mathmaestro the Ruffian (level 9, -3/92 HPs)
             Began as a Troll Monk on Feb 13, 2022.
             Slain by a hornet (9 damage)
             ... on level 7 of the Dungeon.
             The game lasted 00:09:52 (5357 turns).

mathmaestro the Ruffian (Troll Monk)                Turns: 5357, Time: 00:09:53

Health: -3/92      AC:  6    Str: 25    XL:     9   Next: 46%
Magic:  8/8        EV: 10    Int:  6    God:
Gold:   346        SH:  0    Dex: 12    Spells: 8/8 levels left

rFire   + . .      SeeInvis .     - Unarmed
rCold   + + .      Faith    .   (no shield)
rNeg    . . .      Spirit   .   t - +2 robe {Will+}
rPois   .          Reflect  .   (helmet restricted)
rElec   .          Harm     .   I - scarf {rC+ rF+}
rCorr   .          Rampage  .   (gloves unavailable)
Will    +....                   (boots unavailable)
Stlth   ++........              b - amulet of regeneration
HPRegen 1.85/turn               z - ring of protection from cold
MPRegen 0.11/turn               (no ring)

@: lethally poisoned (-3 -> -5), slowed, very slow
A: large, unfitting armour, claws 3, regeneration 1, shaggy fur 1, tough skin 1
a: no special abilities


You were on level 7 of the Dungeon.
You visited 1 branch of the dungeon, and saw 7 of its levels.

You collected 346 gold pieces.

Inventory:

Hand Weapons
 x - a +0 long sword
Missiles
 g - 102 arrows
 h - 139 sling bullets
 i - 134 bolts
 p - 2 boomerangs (quivered)
 q - a throwing net
 r - 120 stones
 y - a curare-tipped dart
 G - 4 javelins
 H - 6 poisoned darts
Armour
 t - a +2 robe of willpower (worn)
 I - a scarf of resistance (worn)
Jewellery
 b - an amulet of regeneration (around neck)
 z - a ring of protection from cold (left claw)
Wands
 o - a wand of mindburst (11)
 A - a wand of polymorph (7)
Scrolls
 d - 4 scrolls of teleportation
 e - a scroll of torment {unknown}
 f - a scroll of identify
 m - 3 scrolls of enchant armour
 n - a scroll of blinking {unknown}
 s - 3 scrolls of immolation {unknown}
 u - 2 scrolls of fog {unknown}
 v - 3 scrolls of acquirement {unknown}
 C - a scroll of silence {unknown}
 E - 2 scrolls of noise {unknown}
Potions
 a - 3 potions of might
 c - 2 potions of lignification
 j - a potion of degeneration {unknown}
 k - 2 potions of flight
 l - a potion of curing
 w - a potion of resistance {unknown}
 B - a potion of experience {unknown}
 D - a potion of brilliance {unknown}
 F - a potion of mutation {unknown}
 J - a potion of ambrosia {unknown}


   Skills:
 + Level 6.4 Fighting
 + Level 3.8 Throwing
 - Level 3.0 Dodging
 - Level 1.0 Stealth
 + Level 7.8 Unarmed Combat
 + Level 5.0 Evocations


You had 8 spell levels left.
You didn't know any spells.
Your spell library contained the following spells:

 Spells                   Type           Power      Damage    Failure   Level
 Slow                     Hex            0%         N/A       45%         1
 Confusing Touch          Hex            0%         N/A       83%         3
 Vampiric Draining        Necr           0%         2d6       83%         3


Dungeon Overview and Level Annotations

Branches:
Dungeon (7/15)
 Temple: D:4-7

Altars:
Ashenzari
Cheibriados
Sif Muna

Shops:
D:3 (   D:7 *


Innate Abilities, Weirdness & Mutations

You are too large for most types of armour.
You have claws for hands.
Your natural rate of healing is unusually fast.
You are covered in fur. (AC +1)
You have tough skin. (AC +1)


Message History

The hornet stings you!
You feel as though you will be slow longer.
You can move again.
You barely miss the hornet.
The hornet is severely wounded.
You feel very sick. The hornet barely misses you.
The hornet stings you but does no damage.
You scratch the hornet but do no damage.
The hornet is severely wounded.
You feel very sick.
The hornet stings you but does no damage.
The hornet barely misses you.
You closely miss the hornet.
The hornet is severely wounded.
You feel sick. The hornet stings you!
* * * LOW HITPOINT WARNING * * *
You are more poisoned.
You feel as though you will be slow longer.
The hornet barely misses you.
You feel better. The hornet closely misses you. The hornet stings you!
* * * LOW HITPOINT WARNING * * *
You are poisoned.
You feel as though you will be slow longer.
Unknown command.
You feel very sick.
The hornet stings you but does no damage.
You feel very sick. The hornet stings you!
* * * LOW HITPOINT WARNING * * *
You feel as though you will be slow longer.
The hornet stings you!
* * * LOW HITPOINT WARNING * * *
You feel as though you will be slow longer.
You feel better. The hornet stings you!
* * * LOW HITPOINT WARNING * * *
You are poisoned.
You feel as though you will be slow longer.
The hornet stings you!
You die...

#######.'.?.#.......#
#.....#"##.##.......#
#.###.#..###........#
#.# #.#.............#
#)###.#.##..........#
#)#...#.##..........#
#.#†###.##...########
#)#.###)##...#
#<#..@yZ#....#
#########.#### #. #.


You could see a hornet and a centaur skeleton.

Vanquished Creatures
  The ghost of lordive the Slasher, a novice HOMo (D:4)
  A wraith (D:7)
  An orc warrior (D:6)
  A water moccasin (D:6)
  A sky beast (D:7)
  2 ice beasts (D:6)
  2 necrophages
  2 centaurs
  2 ogres
  2 phantoms (D:5)
  A kobold brigand (D:4)
  A scorpion (D:7)
  A water moccasin zombie (D:5)
  2 water moccasin skeletons
  A bullfrog zombie (D:6)
  2 jellies (D:5)
  A centaur zombie (D:7)
  5 orc priests
  A bullfrog skeleton (D:6)
  7 hounds
  2 centaur skeletons (D:6)
  6 orc wizards
  A hound zombie (D:5)
  3 hound skeletons
  A howler monkey zombie (D:4)
  A gnoll (D:7)
  8 adders
  A white imp (D:7)
  5 dart slugs
  24 orcs
  6 bats
  5 endoplasms
  A giant cockroach (D:1)
  12 goblins
  6 hobgoblins
  5 jackals
  7 ball pythons
  A frilled lizard (D:1)
  6 kobolds
  7 rats
145 creatures vanquished.

Notes
Turn   | Place    | Note
-------+----------+-------------------------------------------
     0 | D:1      | mathmaestro the Troll Monk began the quest for the Orb.
     0 | D:1      | Reached XP level 1. HP: 22/22 MP: 0/0
   127 | D:1      | Reached XP level 2. HP: 26/29 MP: 1/1
   373 | D:1      | Found a faded altar of an unknown god.
   391 | D:1      | Reached XP level 3. HP: 36/36 MP: 2/2
  1344 | D:2      | Reached XP level 4. HP: 21/45 MP: 3/3
  1487 | D:3      | Reached skill level 4 in Unarmed Combat
  1487 | D:3      | Reached skill level 1 in Evocations
  1494 | D:3      | Reached XP level 5. HP: 44/53 MP: 4/4
  1686 | D:3      | Found Quofalon's Antique Weapon Shoppe.
  2100 | D:3      | Reached XP level 6. HP: 62/62 MP: 5/5
  2112 | D:3      | Found a shimmering blue altar of Sif Muna.
  2463 | D:4      | Reached skill level 5 in Unarmed Combat
  2520 | D:4      | Found a large runed translucent door.
  2521 | D:4      | Found a large runed translucent door.
  2530 | D:4      | Noticed lordive's ghost (novice HOMo)
  2550 | D:4      | Reached XP level 7. HP: 65/70 MP: 6/6
  3086 | D:4      | Killed lordive's ghost
  3135 | D:5      | Entered Level 5 of the Dungeon
  3173 | D:5      | Reached skill level 6 in Unarmed Combat
  3244 | D:5      | Reached skill level 5 in Fighting
  3244 | D:5      | Reached XP level 8. HP: 61/80 MP: 7/7
  3443 | D:5      | Reached skill level 1 in Throwing
  4493 | D:6      | Reached skill level 7 in Unarmed Combat
  4663 | D:6      | Found a snail-covered altar of Cheibriados.
  4689 | D:6      | Reached XP level 9. HP: 89/89 MP: 8/8
  4889 | D:6      | Found a broken altar of Ashenzari.
  5074 | D:7      | Found Zuabbom's Fire Supplies.
  5315 | D:7      | Reached skill level 5 in Evocations
  5349 | D:7      | Paralysed by a hornet for 2 turns
  5356 | D:7      | HP: 3/92 [hornet (8)]
  5357 | D:7      | Slain by a hornet

Illustrated notes

Levels and vault maps discovered:
D:1:      elethiomel_arrival_maze, layout_rooms, shapermc_ecumenical_altar_gd
D:2:      layout_basic
D:3:      layout_loops_ring, mainiacjoe_overflow_paths, serial_shops, shop,
          nrook_mini_vaults
D:4:      layout_basic, ebering_ghost_disaster_area
D:5:      layout_basic, kennysheep_generic_room_8
D:6:      layout_basic, cheibriados_altar_1, mainiacjoe_overflow_chevrons
D:7:      layout_basic, minmay_temple_entry_grid, nicolae_shop_fire_sale
          [nicolae_sub_dead_trees], minmay_joined_circles

Skill      XL: |  1  2  3  4  5  6  7  8  9 |
---------------+----------------------------+-----
Dodging        | 3 |  3.0
Fighting       | 3 4 5 6 |  6.4
Unarmed Combat | 4 5 6 7 |  7.8
Evocations     | 1 2 3 4 5 |  5.0
Throwing       | 2 3 |  3.8
Stealth        | |  1.0

Action                   |  1- 3 |  4- 6 |  7- 9 || total
-------------------------+-------+-------+-------++-------
Melee: Unarmed           |    97 |   141 |   200 ||   438
       Punch             |     2 |     5 |     7 ||    14
Throw: Boomerang         |       |       |     5 ||     5
Evoke: Wand              |       |       |     2 ||     2
  Use: Scroll            |       |       |     7 ||     7
       Potion            |       |       |     2 ||     2
 Stab: Sleeping          |     1 |     2 |     6 ||     9
Armor: Robe              |    42 |    46 |    73 ||   161
Dodge: Dodged            |    51 |    56 |    81 ||   188

Table legend: (Time is in decaauts)
 A = Elapsed time spent in this place.
 B = Non-inter-level travel time spent in this place.
 C = Inter-level travel time spent in this place.
 D = Time resting spent in this place.
 E = Time spent auto-exploring this place.
 F = Levels seen in this place.
 G = Mean time per level.
                   A        B        C        D        E       F      G
               +--------+--------+--------+--------+--------+-----+--------+
         Total |   5329 |   5168 |    161 |    248 |   3806 |   7 |  761.3 |
       Dungeon |   5329 |   5168 |    161 |    248 |   3806 |   7 |  761.3 |
               +--------+--------+--------+--------+--------+-----+--------+

Top non-repeatable levels by time:
     D:5: 1009 daAuts
     D:6: 906 daAuts
     D:4: 870 daAuts
     D:3: 785 daAuts
     D:2: 782 daAuts
     D:1: 677 daAuts
     D:7: 296 daAuts
